[ AOE2 MATCH · #506376892 ]
UnrankedMongols vs Italians
Player's team · LOSS
Rival team · WIN
[ REPLAY ANALYSIS · EXTRACTED FROM THE RECORDED GAME ]
Feudal
—
Castle
—
Imperial
—
| APM avg | 36.3 |
| APM peak | 56 |
| eAPM avg | 18.2 |
| Villagers / military | 17 / 0 |
Focus
⚔️ 31.2% · 🌾 68.8%
Feudal
—
Castle
—
Imperial
—
| APM avg | 53.3 |
| APM peak | 85 |
| eAPM avg | 15.3 |
| Villagers / military | 21 / 0 |
Focus
⚔️ 24.0% · 🌾 76.0%
Match map
Initial resources + every placement click. Lines = walls · curves = elevation contours. ◆ gold · ⬟ stone · ● berries · ✦ relic · ◌ wall gap
Your base
sinx's base
Smoothed initial terrain · ◌ = detected wall gap · hover for details
Inputs per minute
— Alvice Gritti - - sinx
Build order — Alvice Gritti
34 actions detected in the replay
| 0:02 | Queue | Villager (Male) |
| 0:03 | Build | House |
| 0:13 | Queue | Villager (Male) |
| 0:34 | Queue | Villager (Male) |
| 0:47 | Queue | Villager (Male) |
| 0:51 | Build | House |
| 0:52 | Build | House |
| 1:38 | Research | Loom |
| 2:07 | Build | Palisade Wall |
| 2:14 | Build | Palisade Wall |
| 2:17 | Queue | Villager (Male) |
| 2:34 | Queue | Villager (Male) |
| 2:56 | Build | Palisade Wall |
| 2:57 | Build | Palisade Wall |
| 3:03 | Build | Palisade Wall |
| 3:38 | Queue | Villager (Male) |
| 3:42 | Build | Palisade Wall |
| 3:43 | Build | Palisade Wall |
| 4:11 | Queue | Villager (Male) |
| 4:34 | Build | Palisade Wall |
| 4:40 | Queue | Villager (Male) |
| 4:47 | Build | Palisade Wall |
| 4:48 | Queue | Villager (Male) |
| 5:20 | Queue | Villager (Male) |
| 5:33 | Build | Palisade Wall |
| 5:36 | Queue | Villager (Male) |
| 5:41 | Build | Mill |
| 6:02 | Queue | Villager (Male) |
| 6:21 | Build | Palisade Wall |
| 6:26 | Queue | Villager (Male) |
| 6:59 | Queue | Villager (Male) |
| 7:23 | Queue | Villager (Male) |
| 7:27 | Build | Mill |
| 7:39 | Queue | Villager (Male) |
Build order — sinx
30 actions detected in the replay
| 0:01 | Queue | Villager (Male) |
| 0:01 | Queue | Villager (Male) |
| 0:02 | Build | House |
| 0:05 | Build | House |
| 0:17 | Queue | Villager (Male) |
| 0:17 | Queue | Villager (Male) |
| 1:25 | Queue | Villager (Male) |
| 1:25 | Queue | Villager (Male) |
| 1:58 | Queue | Villager (Male) |
| 2:12 | Build | House |
| 2:13 | Build | Lumber Camp |
| 2:29 | Queue | Villager (Male) |
| 2:30 | Queue | Villager (Male) |
| 2:50 | Queue | Villager (Male) |
| 3:02 | Queue | Villager (Male) |
| 3:02 | Queue | Villager (Male) |
| 3:46 | Queue | Villager (Male) |
| 3:53 | Research | Loom |
| 4:28 | Queue | Villager (Male) |
| 4:49 | Queue | Villager (Male) |
| 5:06 | Queue | Villager (Male) |
| 5:48 | Queue | Villager (Male) |
| 6:22 | Queue | Villager (Male) |
| 6:39 | Build | Barracks |
| 6:42 | Queue | Villager (Male) |
| 7:20 | Research | Feudal Age |
| 7:20 | Research | Feudal Age |
| 7:37 | Queue | Villager (Male) |
| 7:40 | Build | House |
| 7:55 | Queue | Villager (Male) |
Match timeline
| 2:07 | Alvice Gritti · wall_segment Palisade Wall x1 |
| 2:14 | Alvice Gritti · wall_segment Palisade Wall x1 |
| 2:56 | Alvice Gritti · wall_segment Palisade Wall x2 |
| 2:57 | Alvice Gritti · wall_segment Palisade Wall x9 |
| 3:03 | Alvice Gritti · wall_segment Palisade Wall x7 |
| 3:42 | Alvice Gritti · wall_segment Palisade Wall x3 |
| 3:43 | Alvice Gritti · wall_segment Palisade Wall x4 |
| 4:34 | Alvice Gritti · wall_segment Palisade Wall x5 |
| 4:47 | Alvice Gritti · wall_segment Palisade Wall x3 |
| 5:33 | Alvice Gritti · wall_segment Palisade Wall x6 |
| 6:21 | Alvice Gritti · wall_segment Palisade Wall x7 |
| 6:39 | sinx · first_building Barracks |
| 8:27 | Alvice Gritti · resign |
[ AI ANALYSIS · 1 CREDIT ]
What really happened in this match?
Wolo.gg analyzes every decision: build order, eco, micro, common mistakes by bracket. Personalized analysis on WhatsApp or Discord in 30 seconds.
Civ guide
Mongols
Perfil
Jugador #25371769